 Dungeon Crawl Stone Soup version 0.23.2 (webtiles) character file.

Game seed: 5857246182443343267

36 ward999 the Magician (level 3, -1/27 HPs)
             Began as a Demigod Wizard on Apr 9, 2019.
             Slain by a hobgoblin (4 damage)
             ... led by Robin
             ... on level 2 of the Dungeon.
             The game lasted 00:08:22 (1548 turns).

ward999 the Magician (Demigod Wizard)               Turns: 1548, Time: 00:08:23

Health: -1/27      AC:  3    Str: 10    XL:     3   Next: 5%
Magic:  2/10       EV: 13    Int: 24    God:
Gold:   81         SH:  0    Dex: 14    Spells: 3/8 levels left

rFire    . . .     SeeInvis .   e - +1 dagger (drain)
rCold    . . .     Gourm    .   (no shield)
rNeg     . . .     Faith    .   a - +0 robe
rPois    .         Spirit   .   b - +0 hat
rElec    .         Reflect  .   g - +0 cloak
rCorr    .         Harm     .   (no gloves)
MR       .....                  (no boots)
Stlth    ++........             (no amulet)
HPRegen  0.09/turn              (no ring)
MPRegen  0.12/turn              (no ring)

@: no status effects
A: high mp 1
a: no special abilities


You were on level 2 of the Dungeon.
You were not hungry.

You visited 1 branch of the dungeon, and saw 2 of its levels.

You collected 81 gold pieces.

Inventory:

Hand Weapons
 e - a +1 dagger of draining (weapon)
 k - a +0 dagger
 l - a +0 dagger of electrocution
 p - a +0 hunting sling
Armour
 a - a +0 robe (worn)
 b - a +0 hat (worn)
 g - a +0 cloak (worn)
 j - a +0 leather armour
Scrolls
 h - 2 scrolls of remove curse {unknown}
 m - a scroll of enchant armour {unknown}
Potions
 c - a potion of brilliance {unknown}
 f - a potion of heal wounds {unknown}
 i - a potion of cancellation {unknown}
 n - a potion of might {unknown}
 o - a potion of magic {unknown}
Comestibles
 d - 2 rations


   Skills:
 * Level 0.4 Fighting
 + Level 0.2 Short Blades
 + Level 2.3 Dodging
 * Level 2.1 Stealth
 + Level 3.1 Spellcasting
 * Level 1.0 Conjurations
 + Level 0.8 Summonings
 + Level 0.8 Translocations


You had 3 spell levels left.
You knew the following spells:

 Your Spells              Type           Power        Failure   Level  Hunger
a - Magic Dart            Conj           #...         7%          1    None
b - Blink                 Tloc           N/A          12%         2    ##.....
c - Call Imp              Summ           #.......     12%         2    ##.....

Your spell library contained the following spells:

 Spells                   Type           Power        Failure   Level  Hunger
 Slow                     Hex            #.......     16%         2    ##.....
 Conjure Flame            Conj/Fire      #.......     26%         3    ###....
 Mephitic Cloud           Conj/Pois/Air  #.......     28%         3    ###....


Dungeon Overview and Level Annotations

Branches:
Dungeon (2/15)

Annotations:
D:2 Robin


Innate Abilities, Weirdness & Mutations

You have an increased reservoir of magic. (+10% MP)


Message History

Casting: Blink (safe; 12% risk of failure)
Confirm with . or Enter, or press ? or * to list all spells.
You don't have enough magic to cast that spell.
There are monsters nearby!
Unknown command.
Found a stone staircase leading up.
You hit the goblin but do no damage. The goblin closely misses you.
The goblin misses you. The hobgoblin hits you.
* * * LOW HITPOINT WARNING * * *
A goblin comes into view. It is wielding a +0 club.
The goblin shouts!
You hit the goblin. You drain the goblin.
The goblin is severely wounded.
The goblin no longer looks unusually strong. x2
Robin roars a battlecry!
The goblins go into a battle-frenzy!
The goblin barely misses you. The goblin hits you with a +0 club.
* * * LOW HITPOINT WARNING * * *
The hobgoblin hits you.
You die...

######### ........#
........#
........####
.........†.###
........##..)##
#####...####†g####
#######....##gggg###
#.......##.#####@g.#
#.......# #
###..g... #.......#
##... .......)## .<
####.....##
#.#.#..#######
#....#........
###....#######
####....##


You could see Robin, 2 hobgoblins and 4 goblins.

Vanquished Creatures
  An adder (D:2)
  A worm (D:2)
  7 goblins
  3 hobgoblins
  2 kobolds (D:1)
  4 bats (D:1)
  4 rats (D:1)
22 creatures vanquished.

Notes
Turn   | Place    | Note
-------+----------+-------------------------------------------
     0 | D:1      | ward999 the Demigod Wizard began the quest for the Orb.
     0 | D:1      | Reached XP level 1. HP: 14/14 MP: 6/6
   163 | D:1      | Reached skill level 3 in Spellcasting
   219 | D:1      | Reached XP level 2. HP: 15/20 MP: 8/8
  1235 | D:2      | Reached skill level 1 in Conjurations
  1286 | D:2      | Learned a level 2 spell: Blink
  1289 | D:2      | Learned a level 2 spell: Call Imp
  1515 | D:2      | Reached XP level 3. HP: 27/27 MP: 1/10
  1531 | D:2      | Noticed Robin
  1548 | D:2      | Slain by a hobgoblin

Skill      XL: |  1  2 |
---------------+-------+-----
Dodging        | 2 |  2.3
Spellcasting   | 3 |  3.1
Stealth        | 2 |  2.1
Conjurations   | 1 |  1.0
Fighting       | |  0.4
Short Blades   | |  0.2
Summonings     | |  0.8
Translocations | |  0.8

Action                   || total
-------------------------++-------
Melee: Dagger            ||    85
 Cast: Magic Dart        ||     6
       Blink             ||     2
       Call Imp          ||     1
 Stab: Sleeping          ||     2
  Eat: Ration            ||     1
Armor: Robe              ||    17
Dodge: Dodged            ||    82
